 Dungeon Crawl Stone Soup version 0.17.1-1-g73c8601 (webtiles) character file.

502 Mysteryquy the Cleaver (level 6, -9/51 HPs)
             Began as a Minotaur Berserker on Jan 4, 2016.
             Was an Elder of Trog.
             Mangled by an ogre
             ... wielding a +0 giant club
              (13 damage)
             ... on level 4 of the Dungeon.
             The game lasted 00:06:14 (3848 turns).

Mysteryquy the Cleaver (Minotaur Berserker)         Turns: 3848, Time: 00:06:14

Health: -9/51      AC:  9    Str: 24    XL:     6   Next: 95%
Magic:  5/5        EV:  8    Int:  4    God:    Trog [****..]
Gold:   216        SH:  0    Dex:  9    Spells: 0 memorised, 5 levels left

rFire  . . .     SeeInvis .     a - +0 hand axe
rCold  . . .     Clarity  .     w - +0 chain mail
rNeg   . . .     SustAt   .     (no shield)
rPois  .         Gourm    .     (helmet restricted)
rElec  .         Spirit   .     r - +0 cloak
rCorr  .         Warding  .     (no gloves)
rMut   .         Stasis   .     (no boots)
MR     .....                    l - amulet of inaccuracy (curse)
Stlth  ..........               (no ring)
                                (no ring)

@: not resistant to hostile enchantments, extremely unstealthy
A: retaliatory headbutt, horns 2
a: Berserk, Trog's Hand, Brothers in Arms, Burn Spellbooks, Renounce Religion


You were on level 4 of the Dungeon.
You worshipped Trog.
Trog was greatly pleased with you.
You were not hungry.

You visited 1 branch of the dungeon, and saw 4 of its levels.

You collected 216 gold pieces.

Inventory:

Hand Weapons
 a - a +0 hand axe (weapon)
Armour
 b - a +0 animal skin
 r - a +0 cloak (worn)
 w - a +0 chain mail (worn)
Jewellery
 l - a cursed amulet of inaccuracy (around neck)
Wands
 p - a wand of slowing (22)
 x - a wand of random effects (31)
Scrolls
 d - 4 scrolls of identify {unknown}
 f - 2 scrolls of remove curse {unknown}
 j - 2 scrolls of magic mapping {unknown}
 n - a scroll of fog {unknown}
 s - 3 scrolls of recharging {unknown}
 t - a scroll of amnesia {unknown}
Potions
 e - a potion of might {unknown}
 g - a potion of ambrosia {unknown}
 h - a potion of agility {unknown}
 i - a potion of curing {unknown}
 m - a potion of poison {unknown}
 o - a potion of lignification {unknown}
 u - a potion of heal wounds {unknown}
 v - a potion of invisibility {unknown}
Comestibles
 c - 3 bread rations
 k - a meat ration
 q - a beef jerky
 z - a chunk of flesh


   Skills:
 - Level 3.6 Fighting
 + Level 9.5 Axes
 - Level 2.4 Armour
 - Level 2.1 Dodging


You had 5 spell levels left.
You didn't know any spells.

Dungeon Overview and Level Annotations

Branches:
Dungeon (4/15)             Temple (0/1) D:4

Altars:
Ashenzari
Cheibriados
Fedhas
Vehumet


Innate Abilities, Weirdness & Mutations

You reflexively headbutt those who attack you in melee.
You have a pair of horns on your head.


Message History

You butcher the worker ant corpse.
z - 2 chunks of flesh Eat one of 2 chunks of flesh? (ye/n/q/i?) This raw flesh tastes terrible.
You continue eating. x2
You now have 216 gold pieces (gained 16).
An ogre comes into view. It is wielding a giant club.
The ogre shouts!
An ogre is nearby!
You hit the ogre but do no damage. The ogre hits you with a giant club!!
You hit the ogre.
The ogre is lightly wounded.
The ogre hits you with a giant club!!
* * * LOW HITPOINT WARNING * * *
You hit the ogre but do no damage.
The ogre is lightly wounded.
You slash the ogre! You headbutt the ogre.
The ogre is heavily wounded.
The ogre hits you with a giant club!
You die...

### ..# ..#
##.. #.. #O# #
#@# .# #.###.#
#.....#
#.#.###
..###.## #..#
##.#### #..
#.....# #.
#.####.#####.#
# #.#
#.......#


You could see an ogre.

Vanquished Creatures
  Crazy Yiuf (D:2)
  An iguana (D:4)
  3 worker ants (D:4)
  2 orc priests (D:3)
  4 orc wizards
  6 adders
  2 gnolls (D:2)
  An ooze (D:4)
  4 worms
  3 giant geckos
  12 orcs
  2 ball pythons
  7 bats
  2 giant cockroaches
  9 goblins
  7 hobgoblins
  14 jackals
  10 kobolds
  A quokka (D:3)
  A giant newt (D:3)
  9 rats
101 creatures vanquished.

Notes
Turn   | Place    | Note
--------------------------------------------------------------
     0 | D:1      | Mysteryquy the Minotaur Berserker began the quest for the Orb.
     0 | D:1      | Reached XP level 1. HP: 19/19 MP: 0/0
   153 | D:1      | Reached skill level 4 in Axes
   160 | D:1      | Reached XP level 2. HP: 26/26 MP: 1/1
   394 | D:1      | Reached ** piety under Trog
   394 | D:1      | Reached skill level 5 in Axes
   627 | D:2      | Reached XP level 3. HP: 14/31 MP: 2/2
   763 | D:2      | Found a blossoming altar of Fedhas.
  1236 | D:2      | Found a snail-covered altar of Cheibriados.
  1270 | D:2      | Reached skill level 6 in Axes
  1270 | D:2      | Reached XP level 4. HP: 22/39 MP: 3/3
  1388 | D:2      | Noticed Crazy Yiuf
  1396 | D:2      | Killed Crazy Yiuf
  1763 | D:3      | Reached XP level 5. HP: 35/45 MP: 4/4
  1838 | D:3      | Reached skill level 7 in Axes
  1852 | D:3      | Reached *** piety under Trog
  1947 | D:3      | Found a radiant altar of Vehumet.
  2426 | D:3      | Reached skill level 8 in Axes
  2426 | D:3      | Reached XP level 6. HP: 51/51 MP: 5/5
  2839 | D:3      | Reached **** piety under Trog
  2933 | D:4      | Found a shattered altar of Ashenzari.
  3229 | D:4      | Reached skill level 9 in Axes
  3764 | D:4      | Found a staircase to the Ecumenical Temple.
  3848 | D:4      | Mangled by an ogre

Action                   |  1- 3 |  4- 6 || total
-------------------------+-------+-------++-------
Melee: Hand axe          |    79 |   201 ||   280
Invok: Berserk           |       |     1 ||     1
  Eat: Chunk             |     1 |    10 ||    11
